 Dungeon Crawl Stone Soup version 0.23-a0-29-g1be82e5 (webtiles) character file.

72 asd12 the Sneak (level 4, 17/33 HPs)
             Began as a Demonspawn Assassin on Aug 3, 2018.
             Quit the game on level 2 of the Dungeon.
             The game lasted 00:01:50 (1133 turns).

asd12 the Sneak (Demonspawn Assassin)               Turns: 1133, Time: 00:01:51

Health: 17/33      AC:  3    Str: 12    XL:     4   Next: 7%
Magic:  4/4        EV: 12    Int: 12    God:
Gold:   55         SH:  0    Dex: 15    Spells: 3/3 levels left

rFire    . . .     SeeInvis .   j - +0 short sword (drain)
rCold    . . .     Gourm    .   (no shield)
rNeg     . . .     Faith    .   c - +0 robe
rPois    .         Spirit   .   (no helmet)
rElec    .         Reflect  .   d - +0 cloak
rCorr    .         Harm     +   (no gloves)
MR       .....                  (no boots)
Stlth    +++.......             m - amulet of harm
HPRegen  0.11/turn              (no ring)
MPRegen  0.09/turn              (no ring)

@: mildly poisoned (17 -> 14)
A: claws 2, spiny 1
a: no special abilities


You were on level 2 of the Dungeon.
You were hungry.

You visited 1 branch of the dungeon, and saw 2 of its levels.

You collected 55 gold pieces.

Inventory:

Hand Weapons
 a - a +2 dagger
 b - a +0 blowgun
 j - a +0 short sword of draining (weapon)
Missiles
 e - 24 poisoned needles
 f - 2 curare-tipped needles
 k - 7 needles of sleeping
Armour
 c - a +0 robe (worn)
 d - a +0 cloak (worn)
Jewellery
 m - an amulet of harm (around neck)
 q - an uncursed amulet of guardian spirit {unknown}
Scrolls
 i - a scroll of remove curse {unknown}
 l - 3 scrolls of fog {unknown}
 o - a scroll of identify {unknown}
 r - a scroll of amnesia {unknown}
Potions
 h - a potion of curing {unknown}
 n - a potion of invisibility {unknown}
 p - a potion of heal wounds {unknown}
Comestibles
 g - 3 rations


   Skills:
 - Level 2.0 Fighting
 + Level 2.4 Short Blades
 - Level 1.7 Throwing
 + Level 1.8 Dodging
 * Level 4.6 Stealth


You had 3 spell levels left.
You didn't know any spells.
Your spell library was empty.

Dungeon Overview and Level Annotations

Branches:
Dungeon (2/15)

Altars:
Uskayaw


Innate Abilities, Weirdness & Mutations

You have very sharp fingernails.
You are partially covered in sharp spines.


Message History

You are more poisoned.
The adder poisons you!
You closely miss the adder.
The adder is severely wounded.
You feel sick. The adder bites you.
You closely miss the adder.
The adder is severely wounded.
The adder barely misses you.
You closely miss the adder.
The adder is severely wounded.
You feel sick. The adder closely misses you. The adder bites you.
You hit the adder. You drain the adder!
You kill the adder!
You have reached level 4!
You feel stronger.
Your demonic ancestry asserts itself...
Sharp spines emerge from parts of your body.
You feel sick.
You feel sick.
r - a scroll labeled XUBBETAWNU Are you sure you want to abandon this character and quit the game? (Confirm with "yes".)

#..#....###.... #..
#..#.....##..## #.....#
#......_....... #.....#
##..##.....#... +.....#
#.. ##....#.#. # .....
#..###....# #. #.####..###
#......####.#. #.........#
#.†.........#.
#........@###...........#.
#.........................
#.........###...........##
#.........# ###....#####..
.........(.#####....###
#..
##....................#
#..
#......<.............###..
#.########................
#. #..........)###..


There were no monsters in sight!

Vanquished Creatures
  3 adders (D:2)
  An ooze (D:2)
  A dart slug (D:2)
  4 bats (D:1)
  2 giant cockroaches (D:1)
  5 goblins (D:1)
  3 hobgoblins
  5 jackals (D:1)
  7 kobolds
  7 rats
38 creatures vanquished.

Notes
Turn   | Place    | Note
-------+----------+-------------------------------------------
     0 | D:1      | asd12 the Demonspawn Assassin began the quest for the Orb.
     0 | D:1      | Reached XP level 1. HP: 16/16 MP: 1/1
    24 | D:1      | Reached skill level 1 in Dodging
   214 | D:1      | Gained mutation: You have sharp fingernails. [demonic ancestry]
   214 | D:1      | Reached XP level 2. HP: 18/22 MP: 2/2
   352 | D:1      | Reached skill level 4 in Stealth
   529 | D:1      | Gained mutation: You have very sharp fingernails. [demonic ancestry]
   529 | D:1      | Reached XP level 3. HP: 16/27 MP: 3/3
  1048 | D:2      | Found a hide-covered altar of Uskayaw.
  1128 | D:2      | Gained mutation: You are partially covered in sharp spines. [demonic ancestry]
  1128 | D:2      | Reached XP level 4. HP: 19/33 MP: 4/4
  1133 | D:2      | Quit the game

Vault maps used:
D:1:      dpeg_arrival_rooms_b
D:2:      nicolae_overflow_crystal_walls, kennysheep_boxes

Skill      XL: |  1  2 |
---------------+-------+-----
Dodging        | 1 |  1.8
Short Blades   | 2 |  2.4
Stealth        | 4 |  4.6
Fighting       | |  2.0
Throwing       | |  1.7

Action                   |  1- 3 |  4- 6 || total
-------------------------+-------+-------++-------
Melee: Dagger            |    23 |       ||    23
       Short sword       |    89 |       ||    89
 Stab: Sleeping          |     8 |       ||     8
Armor: Robe              |    31 |       ||    31
Dodge: Dodged            |    62 |       ||    62

Table legend:
 A = Spawn XP
 B = Non-spawn XP
 C = Spawn XP percentage of total XP
 D = Spawn monster count
 E = Non-spawn monster count
 F = Spawn count percentage of total count
 G = Total turns spent on level
                    A         B        C        D         E        F      G
               +---------+---------+-------+---------+---------+-------+---------
         Total |       0 |     104 |   0.0 |       0 |      38 |   0.0 |  1133
               +---------+---------+-------+---------+---------+-------+---------
           D:1 |       0 |      46 |   0.0 |       0 |      27 |   0.0 |   970
           D:2 |       0 |      58 |   0.0 |       0 |      11 |   0.0 |   163
               +---------+---------+-------+---------+---------+-------+---------
